AoeStats
← tmoneymcgetbunz

Arena

506185862Analyzed
2v2 RM · 21d ago on Sep 12, 2026· 21m 28s· 4 players
Game mode
Random Map
Map size
Medium (4 player)
Population
200
Speed
Normal
Resources
Standard
Victory
Conquest
Starting age
Dark Age
Ending age
Imperial Age
RankedLock teamsTeams togetherTeam positionsShared explorationLock speedFull tech treeHidden civsTurbo modeCheats
Victory
Defeat
🇺🇸 Gurjaras · United States
1194
+22
🇬🇧 Ethiopians · United Kingdom
1180
+23
🇹🇷 Burgundians · Türkiye
1390
-25
🇨🇳 Goths · China
1273
-20
Cacko
4:06 Double-Bit Axe
10:54 Feudal Age
12:56 Loom
15:38 Castle Age
17:18 Wheelbarrow
20:52 Fletching
rower56
1:01 Loom
13:35 Feudal Age
14:39 Double-Bit Axe
14:34 Horse Collar
17:15 Scale Barding Armor
19:53 Castle Age
18:32 Forging
20:05 Light Cavalry
20:55 Bloodlines
21:15 Bloodlines
Desyres
11:10 Feudal Age
12:46 Loom
15:37 Castle Age
15:38 Scale Mail Armor
17:31 Chain Mail Armor
tmoneymcgetbunz
11:04 Feudal Age
14:39 Castle Age
12:32 Double-Bit Axe
13:37 Horse Collar
19:54 Loom
Connection lost

Rejoining the realm…

Still unreachable

The connection could not be restored.

Session expired

The server has moved on; the page needs a fresh start.